 Dungeon Crawl Stone Soup version 0.27-a0-1220-g54dba09ff7 (webtiles) character file.

Game seed: 12553304871918401614

12850 Ijustatesigmund the Cleaver (level 11, -14/105 HPs)
             Began as a Minotaur Berserker on June 7, 2021.
             Was a High Priest of Trog.
             Demolished by a shambling mangrove (17 damage)
             ... on level 11 of the Dungeon.
             The game lasted 00:28:36 (14643 turns).

Ijustatesigmund the Cleaver (Minotaur Berserker)   Turns: 14643, Time: 00:28:37

Health: -14/105    AC: 13    Str: 22    XL:     11   Next: 67%
Magic:  3/10       EV: 11    Int:  4    God:    Trog [*****.]
Gold:   540        SH:  0    Dex: 13    Spells: 10/10 levels left

rFire    . . .     SeeInvis .   a - +2 war axe (holy)
rCold    . . .     Faith    .   (no shield)
rNeg     . . .     Spirit   .   b - +1 chain mail
rPois    +         Reflect  .   (helmet restricted)
rElec    .         Harm     .   (no cloak)
rCorr    .         Rampage  .   (no gloves)
Will     .....                  (no boots)
Stlth    ..........             (no amulet)
HPRegen  0.27/turn              q - +4 ring of evasion
MPRegen  0.12/turn              p - ring of poison resistance

@: lethally poisoned (-14 -> -21), grasped by roots, on berserk cooldown,
slowed, constricted, very slow
A: horns 2, retaliatory headbutt, MP-powered wands
a: Renounce Religion, Berserk, Trog's Hand, Brothers in Arms


You were on level 11 of the Dungeon.
You worshipped Trog.
Trog was extremely pleased with you.
You visited 1 branch of the dungeon, and saw 11 of its levels.
You also visited: Bailey.

You collected 670 gold pieces.
You spent 130 gold pieces at shops.

Inventory:

Hand Weapons
 a - a +2 war axe of holy wrath (weapon)
 u - a +4 demon trident
 I - a +0 vorpal broad axe
Missiles
 y - 5 throwing nets
 D - 8 curare-tipped darts
Armour
 b - a +1 chain mail (worn)
Jewellery
 e - a ring of fire
 p - a ring of poison resistance (right hand)
 q - a +4 ring of evasion (left hand)
 r - a ring of fire
 x - a ring of see invisible
 C - a ring of flight
 E - a ring of willpower
 L - a ring of positive energy
Wands
 f - a wand of flame (39)
 g - a wand of polymorph (3)
 t - a wand of charming (9)
 F - a wand of acid (7)
 G - a wand of iceblast (8)
 H - a wand of mindburst (32)
Scrolls
 d - 2 scrolls of immolation
 k - 2 scrolls of magic mapping
 s - 5 scrolls of teleportation
 v - a scroll of fear
 w - a scroll of fog
 B - 2 scrolls of blinking
 K - a scroll of amnesia {unknown}
Potions
 c - a potion of magic
 h - a potion of might
 i - 4 potions of curing
 j - 3 potions of attraction
 l - a potion of heal wounds
 m - 3 potions of ambrosia {unknown}
 n - 3 potions of berserk rage
 o - 2 potions of cancellation
 z - 3 potions of flight
 A - 2 potions of mutation
Miscellaneous
 J - a lightning rod (4/4)


   Skills:
 + Level 12.7 Fighting
 + Level 13.2 Axes
 - Level 11.0 Armour
 - Level 5.5 Dodging
 + Level 4.0 Evocations


You had 10 spell levels left.
You didn't know any spells.
Your spell library was empty.

Dungeon Overview and Level Annotations

Branches:
Dungeon (11/15)            Temple (0/1) D:5            Lair (0/6) D:11
    Orc (0/2) D:11         Bailey (visited)

Altars:
Cheibriados
Dithmenos
Fedhas
Makhleb
Okawaru
Qazlal
Sif Muna
Uskayaw
The Shining One
Beogh

Shops:
D:10 (?:=*


Innate Abilities, Weirdness & Mutations

You have a pair of horns on your head.
You reflexively headbutt those who attack you in melee.
You expend magic power (3 MP) to strengthen your wands.


Message History

The grasping roots constrict you!
You slash the shambling mangrove!
Your headbutt misses the shambling mangrove.
The shambling mangrove is heavily damaged.
You slash the shambling mangrove!
The shambling mangrove is severely damaged.
Angry insects surge out from beneath the shambling mangrove's foliage!
The shambling mangrove hits you!! The grasping roots constrict you!
You hit the shambling mangrove but do no damage.
The shambling mangrove is severely damaged.
You barely miss the hornet. You slash the shambling mangrove!
You headbutt the shambling mangrove.
The shambling mangrove is almost destroyed.
You closely miss the hornet.
You are no longer berserk.
You are exhausted.
You feel yourself slow down. The hornet misses you.
The shambling mangrove hits you!
* * * LOW HITPOINT WARNING * * *
The grasping roots constrict you!
You hit the shambling mangrove but do no damage.
The shambling mangrove is almost destroyed.
You hit the hornet but do no damage. The hornet closely misses you. x2
You furiously retaliate!
You headbutt the hornet. The hornet stings you!
* * * LOW HITPOINT WARNING * * *
You are poisoned.
You suddenly lose the ability to move!
The shambling mangrove hits you but does no damage.
* * * LOW HITPOINT WARNING * * *
The grasping roots constrict you!
You can move again.
Blink to where?
Press: ? - help, Dir - move target, p - shambling mangrove You escape the roots' grasp.
As you read the scroll of blinking, it crumbles to dust.
* * * LOW HITPOINT WARNING * * *
You feel very sick.
Roots burst forth from the earth!
The grasping roots grab you!
You die...

#........#.........#.....#.#..
#........#........##.....#.#..
#........#.......f##.#####....
#........#......§......####'##
#........#.....y###...........
#........#...#...≈...#........
#........#..#..#...#..#.......
#.......##..#.##...##f#.......
#.......#...#@.PPPP...#..##...
#.......#...#≈.PP>P..≈#..##...
#.......#...#..PPPP...#.......
#.......#...#.##.P.##.#..####'
#.......#...#..#...#..#..#....
#.......#....#...≈...#...#...#
#.......#.......###......#....
#...†...#..............###....
#.......#.........########....


You could see a shambling mangrove and a hornet.

Vanquished Creatures
  Harold (D:7)
  The ghost of caleiya the Cleaver, a journeyman GrFi of Okawaru (D:10)
  3 two-headed ogres
  Urug (D:10)
  2 centaur zombies
  Maggie (D:8)
  A kobold demonologist (D:9)
  A komodo dragon (D:6)
  A troll (D:10)
  A queen bee (D:10)
  A hornet (D:10)
  A wyvern (D:10)
  A vampire (D:11)
  13 yaks
  A wraith (D:11)
  2 vampire mosquitoes (D:11)
  2 acid dragons
  Duvessa (D:5)
  A water moccasin (D:6)
  An ice beast (D:6)
  7 orc warriors
  A black bear (D:8)
  A sky beast (D:6)
  An ogre (D:5)
  6 centaurs
  A phantom (D:5)
  2 kobold brigands
  2 bullfrogs
  A gnoll sergeant (D:11)
  Dowan (D:5)
  2 scorpions (D:7)
  A water moccasin zombie (D:5)
  8 killer bees
  6 wights
  2 howler monkeys
  7 orc priests
  A centaur skeleton (D:6)
  Crazy Yiuf (D:3)
  A hound (D:7)
  3 jellies
  5 bullfrog skeletons
  A gnoll shaman (D:5)
  An iguana (D:4)
  10 orc wizards
  3 killer bee zombies
  A hound skeleton (D:4)
  2 howler monkey skeletons (D:7)
  6 adders
  9 gnolls
  2 shadow imps (D:6)
  2 ufetubi (D:7)
  6 worms
  A dart slug (D:1)
  26 orcs
  6 ball pythons
  7 endoplasms
  3 giant cockroaches
  7 hobgoblins
  17 jackals
  41 kobolds
  3 quokkas
  5 bats
  4 frilled lizards
  6 goblins
  4 rats
270 creatures vanquished.

Vanquished Creatures (others)
  A kobold (Bailey)
  15 plants (D:5)
16 creatures vanquished.

Grand Total: 286 creatures vanquished

Notes
Turn   | Place    | Note
-------+----------+-------------------------------------------
     0 | D:1      | Ijustatesigmund the Minotaur Berserker began the quest for
                  | the Orb.
     0 | D:1      | Reached XP level 1. HP: 19/19 MP: 0/0
   147 | D:1      | Reached skill level 4 in Axes
   175 | D:1      | Reached XP level 2. HP: 21/27 MP: 1/1
   881 | D:1      | Reached XP level 3. HP: 33/33 MP: 2/2
  1100 | D:2      | Reached ** piety under Trog
  1382 | D:2      | Reached skill level 5 in Axes
  2130 | D:3      | Found an iron altar of Okawaru.
  2258 | D:3      | Reached XP level 4. HP: 24/41 MP: 3/3
  2265 | D:3      | HP: 2/41 [orc priest/divine providence (14)]
  2977 | D:3      | Reached skill level 6 in Axes
  3186 | D:3      | Reached XP level 5. HP: 41/47 MP: 4/4
  3531 | D:3      | Found a runed translucent door.
  3532 | D:3      | Noticed Crazy Yiuf
  3539 | D:3      | Killed Crazy Yiuf
  3540 | D:3      | Reached skill level 5 in Fighting
  3734 | D:3      | Found a burning altar of Makhleb.
  4178 | D:4      | Reached *** piety under Trog
  4181 | D:4      | Reached XP level 6. HP: 46/56 MP: 5/5
  4337 | D:4      | Found a shimmering blue altar of Sif Muna.
  4710 | D:5      | Entered Level 5 of the Dungeon
  4837 | D:5      | Found a staircase to the Ecumenical Temple.
  4844 | D:5      | Reached skill level 7 in Axes
  4892 | D:5      | Reached XP level 7. HP: 63/63 MP: 6/6
  5422 | D:5      | Reached **** piety under Trog
  5431 | D:5      | Reached skill level 5 in Armour
  5834 | D:5      | Noticed Dowan
  5834 | D:5      | Noticed Duvessa
  5840 | D:5      | Killed Duvessa
  5844 | D:5      | Killed Dowan
  5845 | D:5      | Reached skill level 8 in Axes
  6012 | D:5      | Reached XP level 8. HP: 73/73 MP: 7/7
  6613 | D:6      | Noticed a komodo dragon
  6618 | D:6      | Killed a komodo dragon
  6722 | D:6      | Found a blossoming altar of Fedhas.
  6725 | D:6      | Found a stormy altar of Qazlal.
  6883 | D:6      | Reached skill level 1 in Evocations
  7099 | D:6      | Reached skill level 9 in Axes
  7631 | D:7      | Identified the +1 robe of the Jabberwock {rF- Str+4 Dex+5}
  7735 | D:7      | Reached XP level 9. HP: 79/82 MP: 8/8
  8304 | D:7      | Noticed Harold
  8313 | D:7      | Killed Harold
  8314 | D:7      | Reached skill level 10 in Axes
  8314 | D:7      | Reached skill level 5 in Dodging
  9139 | D:8      | Noticed a two-headed ogre
  9146 | D:8      | Killed a two-headed ogre
  9147 | D:8      | Reached skill level 10 in Fighting
  9147 | D:8      | Reached XP level 10. HP: 83/93 MP: 9/9
  9468 | D:8      | Reached skill level 11 in Axes
  9855 | D:8      | Noticed Maggie
  9865 | D:8      | Killed Maggie
 10389 | D:9      | Gained mutation: You expend magic power (3 MP) to
                  | strengthen your wands. [a neqoxec]
 10514 | D:9      | Reached ***** piety under Trog
 10665 | D:9      | Found a shadowy altar of Dithmenos.
 10907 | D:9      | Found a snail-covered altar of Cheibriados.
 10907 | D:9      | Found a hide-covered altar of Uskayaw.
 10927 | D:9      | Reached skill level 12 in Axes
 10939 | D:9      | Found a glowing golden altar of the Shining One.
 11099 | D:10     | Entered Level 10 of the Dungeon
 11099 | D:10     | Noticed Urug
 11111 | D:10     | Killed Urug
 11112 | D:10     | Reached XP level 11. HP: 24/103 MP: 10/10
 11224 | D:10     | Found Fissuuj's Weapon Boutique.
 11244 | D:10     | Found Yfion's Magic Scroll Emporium.
 11285 | D:10     | Found Coycwererr's Jewellery Boutique.
 11306 | D:10     | Found a flagged portal.
 11315 | Bailey   | Entered a bailey
 11524 | Bailey   | Received a gift from Trog
 11741 | Bailey   | Found an iron altar of Okawaru.
 11760 | Bailey   | Identified the Volume of the Snowflakes
 11863 | D:10     | Bought a scroll of identify for 26 gold pieces
 11863 | D:10     | Bought a scroll of identify for 26 gold pieces
 11863 | D:10     | Bought a scroll of identify for 26 gold pieces
 11863 | D:10     | Bought a scroll of identify for 26 gold pieces
 11863 | D:10     | Bought a scroll of identify for 26 gold pieces
 11965 | D:10     | Found Eliwnoll's Book Emporium.
 12249 | D:10     | Found Tuitwat's General Store.
 12280 | D:10     | Noticed caleiya's ghost (journeyman GrFi)
 12281 | D:10     | Found a transporter.
 12285 | D:10     | Found a transporter.
 12293 | D:10     | Paralysed by a hornet for 3 turns
 12299 | D:10     | Reached skill level 10 in Armour
 12310 | D:10     | Killed caleiya's ghost
 12954 | D:11     | Noticed a two-headed ogre
 12961 | D:11     | Killed a two-headed ogre
 13099 | D:11     | Noticed an oklob plant
 13174 | D:11     | Found a staircase to the Lair.
 13174 | D:11     | Noticed an oklob plant
 13442 | D:11     | Reached skill level 13 in Axes
 13483 | D:11     | Found a staircase to the Orcish Mines.
 13574 | D:11     | Noticed a two-headed ogre
 13585 | D:11     | Killed a two-headed ogre
 14370 | D:11     | an oklob plant changed into a wandering mushroom
 14622 | D:11     | Noticed a shambling mangrove
 14622 | D:11     | an oklob plant changed into a shambling mangrove
 14642 | D:11     | Paralysed by a hornet for 1 turns
 14643 | D:11     | HP: 3/105 [poisoned by a hornet]
 14643 | D:11     | Demolished by a shambling mangrove

Illustrated notes

Levels and vault maps discovered:
D:1:      dpeg_arrival_pits, layout_loops_corners
D:2:      layout_loops_ring
D:3:      layout_rooms, lemuel_tele_altar, general_overflow_altar,
          uniq_crazy_yiuf_cottage
D:4:      layout_rooms, lemuel_coloured_pillars_altar
D:5:      kennysheep_kobold_camp, layout_layer_cave, minmay_temple_entry_waves,
          uniq_duvessa
D:6:      layout_layer_cave, grunt_temple_overflow_forces_of_nature
D:7:      layout_loops_ring, minmay_circle_x, uniq_harold
D:8:      layout_basic, minmay_misc_feat_doors, uniq_maggie
D:9:      layout_rooms, grunt_dithmenos_smoke, gammafunk_temple_overflow_claw
D:10:     layout_rooms, gammafunk_ghost_hive, enter_bailey_8, serial_shops,
          shop, kennysheep_little_box, kennysheep_mini, shop, shop, uniq_urug
D:11:     layout_stronghold, dpeg_oklobed_lair, minmay_orc_entry_temple_small,
          serial_column_ruins, column_ruins_corridor_corner,
          column_ruins_open_tiny, column_ruins_grid_4, column_ruins_open_tiny,
          column_ruins_corridor_straight, billiards_dpeg

Skill      XL: |  1  2  3  4  5  6  7  8  9 10 11 |
---------------+----------------------------------+-----
Axes           | 4 5 6 7 8 9 10 12 13 | 13.2
Fighting       | 4 5 6 7 8 10 11 12 | 12.7
Armour         | 3 4 5 6 7 9 11 | 11.0
Evocations     | 2 4 |  4.0
Dodging        | 3 5 |  5.5

Action                   |  1- 3 |  4- 6 |  7- 9 | 10-12 || total
-------------------------+-------+-------+-------+-------++-------
Melee: Hand axe          |    99 |   121 |    13 |       ||   233
       Headbutt          |    13 |    19 |    42 |    59 ||   133
       War axe           |       |       |   164 |   269 ||   433
Invok: Berserk           |     2 |     5 |     7 |     9 ||    23
Evoke: Wand              |       |       |       |    19 ||    19
  Use: Scroll            |     7 |     4 |     4 |     7 ||    22
       Potion            |     1 |     2 |       |     3 ||     6
 Stab: Sleeping          |     1 |       |       |       ||     1
       Invisible         |       |       |       |     4 ||     4
Armor: Animal skin       |     6 |       |       |       ||     6
       Chain mail        |    41 |    49 |    75 |   108 ||   273
Dodge: Dodged            |    61 |    59 |   117 |   177 ||   414

Table legend: (Time is in decaauts)
 A = Elapsed time spent in this place.
 B = Non-inter-level travel time spent in this place.
 C = Inter-level travel time spent in this place.
 D = Time resting spent in this place.
 E = Time spent auto-exploring this place.
 F = Levels seen in this place.
 G = Mean time per level.
                   A        B        C        D        E       F      G
               +--------+--------+--------+--------+--------+-----+--------+
         Total |  14832 |  14482 |    350 |   4291 |   8383 |  12 | 1236.0 |
       Dungeon |  14326 |  13976 |    350 |   3975 |   8374 |  11 | 1302.4 |
        Bailey |    505 |    505 |      0 |    316 |      9 |   1 |  505.0 |
               +--------+--------+--------+--------+--------+-----+--------+

Top non-repeatable levels by time:
     D:5: 1933 daAuts
     D:2: 1916 daAuts
    D:11: 1694 daAuts
    D:10: 1359 daAuts
     D:7: 1320 daAuts
     D:8: 1317 daAuts
     D:6: 1193 daAuts
     D:3: 1052 daAuts
     D:1: 1049 daAuts
     D:4: 763 daAuts
     D:9: 725 daAuts
  Bailey: 505 daAuts
